 Dungeon Crawl Stone Soup version 0.19.6-3-g7d5932f76a (webtiles) character file.

21196 Morbidden the Blocker (level 12, -5/108 HPs)
             Began as a Minotaur Fighter on Oct 31, 2020.
             Was a High Priest of Okawaru.
             Slain by a harpy (7 damage)
             ... summoned by Kirke
             ... on level 12 of the Dungeon.
             The game lasted 00:27:36 (10485 turns).

Morbidden the Blocker (Minotaur Fighter)           Turns: 10485, Time: 00:27:37

Health: -5/108     AC:  0    Str: 25    XL:     12   Next: 52%
Magic:  0/16       EV: 22    Int:  5    God:    Okawaru [*****.]
Gold:   665        SH:  0    Dex: 11    Spells: 0 memorised, 11 levels left

rFire  . . .     SeeInvis .       - Unarmed
rCold  . . .     Gourm    .     (armour currently unavailable)
rNeg   + . .     Faith    .     (shield currently unavailable)
rPois  .         Spirit   +     (helmet currently unavailable)
rElec  .         Reflect  .     (cloak currently unavailable)
rCorr  .         Harm     .     (gloves currently unavailable)
MR     .....                    (boots currently unavailable)
Stlth  +++.......               M - amulet of Hospitality {Spirit rN+}
                                (ring currently unavailable)
                                (ring currently unavailable)

@: pig-form, heroism, very quick
A: (retaliatory headbutt), (horns 0)
a: Heroism, Finesse, Renounce Religion


You were on level 12 of the Dungeon.
You worshipped Okawaru.
Okawaru was extremely pleased with you.
You were not hungry.
You were a filthy swine.
You visited 1 branch of the dungeon, and saw 12 of its levels.
You also visited: Labyrinth and Ossuary.

You collected 665 gold pieces.

Inventory:

Hand Weapons
 a - a +4 broad axe of electrocution (melded)
 b - a +0 dagger of electrocution
 z - a +1 dagger of venom
Missiles
 l - 22 tomahawks (quivered)
 E - 8 javelins
Armour
 G - the +0 crystal plate armour of the Barracuda (melded) {MP+9 Int+2}
   (Okawaru gifted it to you in a labyrinth)

   It affects your intelligence (+2).
   It affects your magic capacity (+9).
 O - a +0 pair of gloves of archery (melded)
 P - a +1 pair of boots of flying (melded)
 Q - the +0 shield "Vywymolu" (melded) {Slay+3 Stlth+}
   (You acquired it on level 8 of the Dungeon)

   It affects your accuracy and damage with ranged weapons and melee attacks
   (+3).
   It makes you more stealthy.
 W - a +2 chain mail of cold resistance
Jewellery
 n - a ring of poison resistance (melded)
 B - an uncursed ring of protection from cold
 M - the amulet of Hospitality (around neck) {Spirit rN+}
   (You took it off Sonja on level 11 of the Dungeon)

   [amulet of guardian spirit]

   It causes incoming damage to be split between your health and magic.
   It protects you from negative energy.
 T - a +6 ring of strength (melded)
 V - an uncursed ring of ice
Wands
 w - a wand of disintegration (18/24)
 y - a wand of hasting (8/9)
 J - a wand of digging (14/24)
 Z - a wand of iceblast (10/15)
Scrolls
 e - 7 scrolls of remove curse
 k - 2 scrolls of identify
 r - 2 scrolls of recharging
 s - 6 scrolls of teleportation
 u - a scroll of fear
 x - 2 scrolls of immolation
 L - a scroll of blinking
 X - a scroll of magic mapping
Potions
 d - 5 potions of curing
 h - 2 potions of agility {unknown}
 i - 4 potions of brilliance {unknown}
 j - 4 potions of heal wounds
 m - a potion of lignification {unknown}
 o - a potion of haste {unknown}
 p - 2 potions of cure mutation {unknown}
 q - a potion of invisibility
 v - a potion of magic {unknown}
 F - 2 potions of resistance {unknown}
 H - a potion of beneficial mutation
 K - 4 potions of berserk rage
 U - a potion of flight
Books
 c - the Handbook of Glacial Calling
   (You found it in a labyrinth)

   Spells                             Type                      Level
   a - Summon Butterflies             Summoning                    1
   b - Throw Frost                    Conjuration/Ice              2
   c - Summon Ice Beast               Ice/Summoning                4
   d - Summon Lightning Spire         Summoning/Air                4
   e - Summon Demon                   Summoning                    5
 I - a book of Air

   Spells                             Type                      Level
   a - Shock                          Conjuration/Air              1
   b - Swiftness                      Charms/Air                   2
   c - Repel Missiles                 Charms/Air                   2
   d - Static Discharge               Conjuration/Air              3
   e - Lightning Bolt                 Conjuration/Air              5
 N - a book of Minor Magic

   Spells                             Type                      Level
   a - Magic Dart                     Conjuration                  1
   b - Blink                          Translocation                2
   c - Call Imp                       Summoning                    2
   d - Repel Missiles                 Charms/Air                   2
   e - Slow                           Hexes                        2
   f - Conjure Flame                  Conjuration/Fire             3
   g - Mephitic Cloud                 Conjuration/Poison/Air       3
 Y - a book of Ice

   Spells                             Type                      Level
   a - Ice Form                       Ice/Transmutation            4
   b - Metabolic Englaciation         Hexes/Ice                    5
   c - Ozocubu's Refrigeration        Ice                          6
   d - Bolt of Cold                   Conjuration/Ice              6
   e - Freezing Cloud                 Conjuration/Ice/Air          6
   f - Simulacrum                     Ice/Necromancy               6
Miscellaneous
 t - a lamp of fire
Comestibles
 f - 8 bread rations
 g - 5 meat rations
 A - 5 fruits
 C - 4 slices of pizza
 D - a beef jerky
 R - 10 royal jellies
 S - 11 chunks of flesh


   Skills:
 * Level 10.8(15.8) Fighting
 + Level 6.5(12.0) Short Blades
   Level 4.4(11.4) Long Blades
 * Level 9.2(14.2) Axes
 * Level 2.8(7.8) Throwing
 + Level 9.9(14.9) Armour
 * Level 8.2(13.2) Dodging
 + Level 1.4(6.4) Stealth
 + Level 11.5(16.5) Shields
 * Level 7.2 Invocations
 + Level 0.6 Evocations


You had 11 spell levels left.
You didn't know any spells.

Dungeon Overview and Level Annotations

Branches:
Dungeon (12/15)            Temple (0/1) D:6            Lair (0/6) D:10
    Orc (0/2) D:10

Altars:
Ashenzari
Nemelex Xobeh
Okawaru
Sif Muna
The Shining One

Shops:
D:7 [   D:11 :

Annotations:
D:12 Kirke


Innate Abilities, Weirdness & Mutations

((You reflexively headbutt those who attack you in melee.))
((You have a pair of horns on your head.))


Message History

The harpy is lightly wounded.
The harpy closely misses you. The harpy claws you!
* * * LOW HITPOINT WARNING * * *
The harpy barely misses you. The harpy misses you.
You hear some strange, mumbled words.
Something summons a lindwurm!
Unknown command. 3 hogs come into view.
The harpy claws you!
* * * LOW HITPOINT WARNING * * *
The harpy misses you. The harpy claws you!
* * * LOW HITPOINT WARNING * * *
The harpy completely misses you.
Found a stone staircase leading down.
Unknown command.
Unknown command.
The harpy barely misses you. The harpy claws you.
* * * LOW HITPOINT WARNING * * *
The harpy barely misses you. The harpy claws you!
You die...

#..... #####....
........## #.# #..<#
#.####.###.#
#.##.......#
#.##.#.#####
.######H##.#.#
>hh.h...h....#
########H##.#######.#
.WWhh=h{............#
#########.#.#########
#.#.# #.#.# #.#.#
#.#.# #....


You could see 2 harpies and 4 hogs.

Vanquished Creatures
  A minotaur (Lab)
  Fannar (D:10)
  Erolcha (D:9)
  A hydra (D:11)
  Sonja (D:11)
  4 skeletal warriors (D:11)
  An unseen horror (D:11)
  4 hill giants
  3 ugly things (D:11)
  3 cyclopes (D:11)
  A gargoyle (D:11)
  A spiny frog (D:10)
  A centaur skeleton (D:11)
  A queen bee (D:9)
  2 trolls
  3 hippogriffs
  A wraith (D:11)
  A wyvern (D:9)
  11 yaks
  A hog (D:12)
  2 hungry ghosts (D:10)
  Duvessa (D:5)
  A water moccasin (D:10)
  4 orc warriors
  4 ice beasts
  2 sky beasts
  A black bear (D:12)
  5 ogres
  A necrophage (D:7)
  8 centaurs
  4 crocodiles
  5 bullfrogs
  2 big kobolds
  2 water moccasin zombies (Ossuary)
  Dowan (D:5)
  3 scorpions
  A wyvern skeleton (D:7)
  3 troll zombies (D:10)
  16 killer bees
  3 wights (D:7)
  8 crimson imps
  A bullfrog zombie (D:11)
  A centaur zombie (D:8)
  7 jellies
  7 orc priests
  2 bullfrog skeletons
  A gnoll shaman (D:4)
  5 hounds
  12 orc wizards
  2 hell rats (D:6)
  4 iguanas
  7 worker ants
  5 ogre zombies (D:10)
  5 big kobold zombies (Ossuary)
  A hound zombie (D:7)
  2 mummies (Ossuary)
  A worker ant zombie (D:8)
  17 gnolls
  10 adders
  3 river rats (D:6)
  4 shadow imps
  6 oozes
  An adder skeleton (D:5)
  6 adder zombies
  2 worms (D:3)
  A dart slug (D:2)
  5 leopard geckos
  49 orcs
  2 ball pythons
  4 giant cockroaches
  3 gnoll zombies (Ossuary)
  5 goblins
  5 hobgoblins
  10 jackals
  3 quokkas
  7 bats
  5 frilled lizards
  4 goblin zombies (D:10)
  A hobgoblin skeleton (D:10)
  11 hobgoblin zombies
  15 kobolds
  4 kobold zombies (Ossuary)
  A leopard gecko skeleton (D:5)
  5 orc skeletons (D:10)
  17 orc zombies
  26 rats
415 creatures vanquished.

Vanquished Creatures (collateral kills)
  A sky beast (D:11)
1 creature vanquished.

Grand Total: 416 creatures vanquished

Notes
Turn   | Place    | Note
-------+----------+-------------------------------------------
     0 | D:1      | Morbidden the Minotaur Fighter began the quest for the Orb.
     0 | D:1      | Reached XP level 1. HP: 19/19 MP: 0/0
   328 | D:1      | HP: 1/20 [kobold/dagger of electrocution (4)]
   542 | D:1      | You fall through a shaft!
   593 | D:2      | Reached XP level 2. HP: 18/27 MP: 1/1
  1052 | D:1      | Reached XP level 3. HP: 25/34 MP: 2/2
  1161 | D:2      | Found a sparkling altar of Nemelex Xobeh.
  1337 | D:2      | Reached skill level 4 in Shields
  1628 | D:3      | Noticed a crocodile
  1658 | D:3      | Killed a crocodile
  1658 | D:3      | Reached skill level 5 in Fighting
  1658 | D:3      | Reached skill level 1 in Short Blades
  1658 | D:3      | Reached XP level 4. HP: 27/42 MP: 3/3
  1690 | D:3      | Reached XP level 5. HP: 36/48 MP: 4/4
  1738 | D:3      | Reached skill level 5 in Shields
  1983 | D:3      | Noticed an ogre
  1988 | D:3      | Killed an ogre
  1988 | D:3      | Reached skill level 1 in Dodging
  1988 | D:3      | Reached XP level 6. HP: 56/56 MP: 5/5
  2107 | D:3      | Found an iron altar of Okawaru.
  2186 | D:3      | Became a worshipper of Warmaster Okawaru
  2744 | D:4      | Reached skill level 5 in Armour
  2744 | D:4      | Reached skill level 6 in Shields
  2744 | D:4      | Reached skill level 1 in Invocations
  2793 | D:4      | Noticed an ice beast
  2799 | D:4      | Killed an ice beast
  2799 | D:4      | Reached XP level 7. HP: 46/62 MP: 5/7
  2948 | D:5      | Entered Level 5 of the Dungeon
  3038 | D:5      | Reached * piety under Okawaru
  3097 | D:5      | Noticed Duvessa
  3097 | D:5      | Noticed Dowan
  3115 | D:5      | Killed Duvessa
  3128 | D:5      | Killed Dowan
  3401 | D:5      | Noticed a hill giant
  3406 | D:5      | Reached XP level 8. HP: 70/70 MP: 8/8
  3415 | D:5      | Killed a hill giant
  3415 | D:5      | Reached ** piety under Okawaru
  3415 | D:5      | Reached skill level 1 in Stealth
  3563 | D:6      | Reached skill level 7 in Shields
  3635 | D:6      | Found a staircase to the Ecumenical Temple.
  3832 | D:6      | Reached *** piety under Okawaru
  3960 | D:6      | Reached skill level 1 in Throwing
  3969 | D:6      | Found a deep blue altar of Sif Muna.
  4374 | D:6      | Reached XP level 9. HP: 64/79 MP: 10/10
  4597 | D:7      | Found a shattered altar of Ashenzari.
  4635 | D:7      | Found a sand-covered staircase.
  4644 | Ossuary  | Entered an ossuary
  4826 | Ossuary  | Reached skill level 5 in Short Blades
  4937 | D:7      | Reached skill level 8 in Shields
  5057 | D:7      | Received a gift from Okawaru
  5638 | D:7      | Found a glowing golden altar of the Shining One.
  5743 | D:7      | Found Hugeb's Armour Shop.
  5971 | D:6      | Reached **** piety under Okawaru
  5976 | D:6      | Reached skill level 5 in Dodging
  6039 | D:8      | Identified 2 scrolls of acquirement
  6042 | D:8      | Got a jewelled shield
  6053 | D:8      | Identified the +0 shield "Vywymolu" {Slay+3 Stlth+} (You acquired it on level 8 of the Dungeon)
  6144 | D:8      | Reached XP level 10. HP: 88/88 MP: 12/12
  6514 | D:8      | Reached skill level 9 in Shields
  6925 | D:8      | Reached skill level 1 in Long Blades
  7472 | D:9      | Reached skill level 5 in Invocations
  7604 | D:9      | Reached ***** piety under Okawaru
  7772 | D:9      | Noticed Erolcha
  7778 | D:9      | Noticed a hill giant
  7782 | D:9      | Killed Erolcha
  7785 | D:9      | Killed a hill giant
  7785 | D:9      | Reached skill level 10 in Shields
  7815 | D:10     | Entered Level 10 of the Dungeon
  7847 | D:10     | Found a staircase to the Orcish Mines.
  7928 | D:10     | Reached XP level 11. HP: 84/97 MP: 14/14
  8086 | D:10     | Found a staircase to the Lair.
  8173 | D:10     | Received a gift from Okawaru
  8349 | D:10     | Noticed Fannar
  8359 | D:10     | Killed Fannar
  8359 | D:10     | Reached skill level 10 in Fighting
  8400 | D:10     | Noticed a hill giant
  8403 | D:10     | Killed a hill giant
  8673 | D:11     | Reached skill level 11 in Shields
  8708 | D:11     | Found Lusu's Book Emporium.
  8743 | D:11     | Found a labyrinth entrance.
  8751 | Lab      | Entered a labyrinth
  8927 | Lab      | Noticed a minotaur
  8935 | Lab      | Killed a minotaur
  8935 | Lab      | Received a gift from Okawaru
  8938 | Lab      | Got an ancient crystal plate armour {god gift}
  8951 | Lab      | Identified the Handbook of Glacial Calling
  8979 | Lab      | Identified the +0 crystal plate armour of the Barracuda {MP+9 Int+2} (Okawaru gifted it to you in a labyrinth)
  9040 | D:11     | Reached skill level 5 in Axes
  9193 | D:11     | Noticed a white ugly thing
  9198 | D:11     | Killed a white ugly thing
  9241 | D:11     | Killed an unseen horror
  9299 | D:11     | Noticed Sonja
  9303 | D:11     | Noticed a purple ugly thing
  9312 | D:11     | Killed a purple ugly thing
  9323 | D:11     | Reached XP level 12. HP: 56/107 MP: 16/16
 10087 | D:11     | Killed Sonja
 10095 | D:11     | Got a glittering zirconium amulet
 10099 | D:11     | Identified the amulet of Hospitality {Spirit rN+} (You took it off Sonja on level 11 of the Dungeon)
 10155 | D:11     | Noticed a seven-headed hydra
 10163 | D:11     | Killed a seven-headed hydra
 10458 | D:12     | Noticed Kirke
 10484 | D:12     | HP: 3/108 [harpy[Kirke] (10)]
 10485 | D:12     | Slain by a harpy

Skill      XL: |  1  2  3  4  5  6  7  8  9 10 11 12 |
---------------+-------------------------------------+-----
Fighting       | 4 5 6 7 8 9 10 | 10.8
Shields        | 4 5 6 7 8 10 11 | 11.5
Axes           | 3 7 9 |  9.2
Armour         | 4 5 6 7 9 |  9.9
Short Blades   | 1 2 3 4 6 |  6.5
Dodging        | 1 2 3 5 6 7 8 |  8.2
Invocations    | 1 2 3 4 5 6 7 |  7.2
Stealth        | 1 |  1.4
Throwing       | 1 2 |  2.8
Long Blades    | 3 4 |  4.4
Evocations     | |  0.6

Action                   |  1- 3 |  4- 6 |  7- 9 | 10-12 || total
-------------------------+-------+-------+-------+-------++-------
Melee: War axe           |    20 |       |       |       ||    20
       Headbutt          |    14 |    18 |   117 |   171 ||   320
       Dagger            |    92 |    94 |   509 |   414 ||  1109
       Broad axe         |       |       |       |   199 ||   199
       Unarmed           |       |       |       |    10 ||    10
Throw: Tomahawk          |       |       |     4 |    11 ||    15
Invok: Heroism           |       |       |     1 |     5 ||     6
       Finesse           |       |       |       |     2 ||     2
 Abil: Evoke Berserk Rag |       |       |       |     3 ||     3
  Use: Potion            |     1 |       |       |     1 ||     2
       Scroll            |       |     4 |     7 |    20 ||    31
  Eat: Chunk             |     2 |     4 |    11 |    17 ||    34
       Beef jerky        |       |       |       |     1 ||     1
Armor: Scale mail        |    28 |    23 |    14 |       ||    65
       Chain mail        |    21 |     5 |       |       ||    26
       Plate armour      |       |       |   139 |   123 ||   262
       Crystal plate arm |       |       |       |   109 ||   109
Dodge: Dodged            |    31 |    24 |    83 |   145 ||   283
Block: Shield            |    65 |    48 |   215 |   299 ||   627
